 Dungeon Crawl Stone Soup version 0.29.1-15-g9cfb28693d (webtiles) character file.

Game seed: 11631077439129490805

2923 croobank the Covert (level 9, -2/64 HPs)
             Began as an Octopode Delver on Mar 7, 2023.
             Slain by a wight
             ... wielding a +4 flail of freezing
              (4 damage)
             ... on level 7 of the Dungeon.
             The game lasted 00:17:13 (6852 turns).

croobank the Covert (Octopode Delver)               Turns: 6852, Time: 00:17:14

Health: -2/64      AC:  1    Str: 12    XL:     9   Next: 79%
Magic:  9/9        EV: 15    Int: 16    God:
Gold:   209        SH:  0    Dex: 13    Spells: 4/8 levels left

rFire   . . .      SeeInvis +   s - +7 spear (venom)
rCold   . . .      Faith    .   (no shield)
rNeg    . . .      Spirit   .   (helmet restricted)
rPois   .          Reflect  .   (no amulet)
rElec   .          Harm     .   j - ring of see invisible
rCorr   .          Rampage  .   n - ring of willpower
Will    +....                   (no ring)
Stlth   ++++++....              (no ring)
HPRegen 0.20/turn               (no ring)
MPRegen 0.11/turn               (no ring)
                                (no ring)
                                (no ring)

@: lethally poisoned (-2 -> -8)
A: almost no armour, amphibious, 8 rings, camouflage 1, gelatinous body 1,
(nimble swimmer 1), tentacles
a: no special abilities


You were on level 7 of the Dungeon.
You visited 2 branches of the dungeon, and saw 8 of its levels.

You collected 265 gold pieces.
You spent 56 gold pieces at shops.

Inventory:

Hand Weapons
 a - a +0 hand axe
 g - a +1 vorpal scimitar
 o - a +0 trident
 s - a +7 spear of venom (weapon)
 E - a +2 dagger of venom
Missiles
 q - 6 poisoned darts (quivered)
Armour
 z - +0 acid dragon scales
Jewellery
 j - a ring of see invisible (left tentacle)
 n - a ring of willpower (right tentacle)
 C - an amulet of reflection
Wands
 d - a wand of light (4)
 f - a wand of digging (2)
 p - a wand of flame (10)
 y - a wand of mindburst (8)
 D - a wand of polymorph (7)
Scrolls
 b - a scroll of fog
 m - a scroll of blinking
 r - 3 scrolls of teleportation
 u - a scroll of brand weapon
 v - a scroll of amnesia
 x - 2 scrolls of magic mapping
Potions
 c - a potion of lignification
 e - a potion of haste
 h - 3 potions of curing
 i - a potion of ambrosia
 k - a potion of mutation
 l - 3 potions of brilliance
 t - 2 potions of magic
 w - a potion of berserk rage


   Skills:
 + Level 7.3 Fighting
 + Level 6.9 Axes
 + Level 6.8 Dodging
 + Level 11.5 Stealth


You had 4 spell levels left.
You knew the following spells:

 Your Spells              Type           Power      Damage    Failure   Level
a - Beastly Appendage     Tmut           0%         N/A       26%         1
b - Spider Form           Tmut/Pois      0%         N/A       58%         3

Your spell library contained the following spells:

 Spells                   Type           Power      Damage    Failure   Level
 Wereblood                Tmut           0%         N/A       36%         2


Dungeon Overview and Level Annotations

Branches:
Dungeon (7/15)             Temple (1/1) D:6

Altars:
Ashenzari
Cheibriados
Dithmenos
Elyvilon
Fedhas
Gozag
Kikubaaqudgha
Makhleb
Nemelex Xobeh
Okawaru
Qazlal
Ru
Trog
Uskayaw
Vehumet
Wu Jian
Xom
Yredelemnul
Zin
The Shining One

Shops:
D:2 [   D:6 ?

Annotations:
D:6 2 transporters, exclusion: downstairs, Ape3scape's ghost, novice DrCj


Innate Abilities, Weirdness & Mutations

You cannot wear most types of armour.
You are amphibious.
You can wear up to eight rings at the same time.
Your skin changes colour to match your surroundings (Stealth+).
Your rubbery body absorbs attacks. (AC +1, EV +1)
((You are camouflaged when in or above water. (Stealth+)))
You have tentacles for arms and can constrict up to eight enemies at once.


Message History

You puncture the wight!
The wight is severely damaged.
The wight hits you with a +0 scimitar of freezing.
The wight freezes you.
Reach: s) +7 spear (venom)
Press: ? - help, Dir - move target, f/p - wight
Aim: a wight, wielding a +0 scimitar of freezing and wearing a +0 robe (severely damaged, about 29% to evade your +7 spear of venom)
You hit the wight.
The wight is severely damaged.
The wight hits you but does no damage.
Reach: s) +7 spear (venom)
Press: ? - help, Dir - move target, f/p - wight
Aim: a wight, wielding a +0 scimitar of freezing and wearing a +0 robe (severely damaged, about 29% to evade your +7 spear of venom)
You closely miss the wight.
The wight is severely damaged.
A wight comes into view. It is wielding a +0 short sword.
The wight barely misses you.
Reach: s) +7 spear (venom)
Press: ? - help, Dir - move target, f - killer bee, p - wight
Aim: a killer bee (about 49% to evade your +7 spear of venom)
You hit the killer bee.
The killer bee is poisoned.
The killer bee is lightly wounded.
You feel less wooden. The killer bee misses you.
The killer bee closely misses you. The wight misses you.
Reach: s) +7 spear (venom)
Press: ? - help, Dir - move target, f/p - killer bee
Aim: a killer bee (lightly wounded, very poisoned, about 49% to evade your +7 spear of venom)
You hit the killer bee.
The killer bee looks as sick as possible!
Your grab misses the killer bee. Your squeeze misses the killer bee.
The killer bee is heavily wounded.
The killer bee misses you. The killer bee stings you.
* * * LOW HITPOINT WARNING * * *
You are poisoned.
The killer bee poisons you!
The wight hits you with a +3 morningstar!
* * * LOW HITPOINT WARNING * * *
The wight hits you with a +4 flail of freezing.
You die...

. #. #.#c#... #.
#.#...#. ####.##.......
### ........#...#. ....
..:.....# #...#####.?.#
........# .##'.z@y?+
........##.#.#.zz..#
.......<...###.....#
.......)..#..z#.#.#...#
......†.........#?..#..
........###..#####.## #
........# #.## .#
######### #. .# #.


You could see a killer bee (extremely poisoned) and 4 wights.

Vanquished Creatures
  A two-headed ogre (D:7)
  Maggie (D:7)
  Grinder (D:3)
  A black bear (D:5)
  An ice beast (D:6)
  2 ogres
  A centaur (D:7)
  4 phantoms
  A bullfrog (D:6)
  3 necrophages
  3 scorpions
  3 howler monkeys
  A hound (D:4)
  3 jellies
  An orc priest (D:6)
  Ijyb (D:3)
  3 iguanas
  2 orc wizards
  10 gnolls
  11 adders
  A white imp (D:5)
  7 worms
  5 dart slugs
  5 orcs
  5 bats
  14 endoplasms
  A giant cockroach (D:1)
  11 goblins
  5 hobgoblins
  3 jackals (D:1)
  11 kobolds
  4 quokkas
  18 ball pythons
  6 frilled lizards
  3 rats
153 creatures vanquished.

Vanquished Creatures (others)
  6 fungi (D:3)
  9 toadstools (D:3)
15 creatures vanquished.

Grand Total: 168 creatures vanquished

Notes
Turn   | Place    | Note
-------+----------+-------------------------------------------
     0 | D:5      | croobank the Octopode Delver began the quest for the Orb.
     0 | D:5      | Reached XP level 1. HP: 16/16 MP: 1/1
    11 | D:6      | Found a staircase to the Ecumenical Temple.
    22 | D:6      | Noticed an ice beast
    33 | Temple   | Entered the Ecumenical Temple
   189 | D:6      | Noticed a scorpion
   199 | D:6      | Killed a scorpion
   200 | D:6      | Reached skill level 7 in Stealth
   200 | D:6      | Reached XP level 2. HP: 21/21 MP: 2/2
   200 | D:6      | Reached XP level 3. HP: 26/26 MP: 3/3
   200 | D:6      | Reached XP level 4. HP: 31/31 MP: 4/4
   206 | D:6      | Killed an ice beast
   207 | D:6      | Reached XP level 5. HP: 37/37 MP: 5/5
   279 | D:5      | Noticed a phantom
   307 | D:5      | Killed a phantom
   466 | D:5      | Reached XP level 6. HP: 38/43 MP: 6/6
   771 | D:4      | Reached skill level 8 in Stealth
  1072 | D:4      | Identified the +2 pair of boots of Kiuwou {rElec Dex+4
                  | Stlth+}
  1772 | D:1      | Reached XP level 7. HP: 49/49 MP: 7/7
  2530 | D:2      | Found an ancient bone altar of Kikubaaqudgha.
  2640 | D:2      | Found Bupuig's Armour Boutique.
  3291 | D:3      | Noticed Grinder
  3297 | D:3      | Paralysed by Grinder for 2 turns
  3305 | D:3      | Killed Grinder
  3306 | D:3      | Reached skill level 5 in Fighting
  3567 | D:3      | Noticed Ijyb
  3571 | D:3      | Reached skill level 9 in Stealth
  3578 | D:3      | Reached XP level 8. HP: 52/55 MP: 8/8
  3583 | D:3      | Killed Ijyb
  3714 | D:3      | Found a snail-covered altar of Cheibriados.
  4559 | D:4      | Reached skill level 5 in Axes
  4637 | D:4      | Reached skill level 5 in Dodging
  5458 | D:5      | Reached skill level 10 in Stealth
  6120 | D:6      | Learned a level 1 spell: Beastly Appendage
  6124 | D:6      | Learned a level 3 spell: Spider Form
  6131 | D:6      | Noticed Ape3scape's ghost (novice DrCj)
  6139 | D:6      | Noticed a cyclops
  6143 | D:6      | Found a transporter.
  6146 | D:6      | Found a transporter.
  6166 | D:6      | Reached XP level 9. HP: 54/63 MP: 9/9
  6286 | D:6      | Found a radiant altar of Vehumet.
  6286 | D:6      | Found an iron altar of Okawaru.
  6585 | D:6      | Identified the +1 robe of the Sacrificial Victim {rPois
                  | Slay+2}
  6678 | D:6      | Found Cunkika's Magic Scroll Boutique.
  6686 | D:6      | Bought a scroll of identify for 28 gold pieces
  6686 | D:6      | Bought a scroll of identify for 28 gold pieces
  6792 | D:7      | Noticed Maggie
  6804 | D:7      | Killed Maggie
  6815 | D:7      | Noticed a two-headed ogre
  6825 | D:7      | Killed a two-headed ogre
  6826 | D:7      | Reached skill level 11 in Stealth
  6852 | D:7      | HP: 2/64 [wight/+3 morningstar (14)]
  6852 | D:7      | Slain by a wight

Illustrated notes

Levels and vault maps discovered:
D:1:      wander_arrival_fairy_ring, layout_basic, serial_rivers,
          chequers_serial_rivers_small_b, chequers_serial_rivers_micro_e,
          chequers_serial_rivers_small_a, chequers_serial_rivers_micro_a,
          minmay_misc_feat_encased, minmay_tromino_v4_a
D:2:      layout_basic, basic_altar, serial_shops, nicolae_shop_hallway_plus
D:3:      cheibrodos_fertilizer, layout_rooms, overflow_temple_1_default,
          minmay_misc_feat_nine_boxes, uniq_ijyb, uniq_grinder
D:4:      layout_basic, minmay_snake_closets
D:5:      layout_cave_pods
D:6:      layout_loops_corners, gammafunk_temple_overflow_statue,
          minmay_temple_entry_grid, serial_shops, nicolae_shop_waterfront,
          gammafunk_ghost_arena
D:7:      layout_loops_ring, serial_shops, shop,
          minmay_fractal_squares_diagonal_5, uniq_maggie, uniq_duvessa
Temple:   mainiacjoe_temple_bowtie_tessellation

Skill      XL: |  1  2  3  4  5  6  7  8  9 |
---------------+----------------------------+-----
Stealth        | 7 8 9 10 11 | 11.5
Axes           | 3 4 5 6 |  6.9
Dodging        | 3 4 5 6 |  6.8
Fighting       | 4 5 6 7 |  7.3

Action                   |  1- 3 |  4- 6 |  7- 9 || total
-------------------------+-------+-------+-------++-------
Melee: Hand axe          |       |    55 |       ||    55
       Constrict         |       |    17 |    36 ||    53
       Tentacles         |       |    10 |    37 ||    47
       Spear             |       |    15 |   265 ||   280
       Punch             |       |       |     2 ||     2
Evoke: Wand              |     2 |     4 |     4 ||    10
  Use: Scroll            |     1 |     1 |    17 ||    19
       Potion            |       |     1 |     1 ||     2
 Stab: Invisible         |       |     3 |     4 ||     7
       Sleeping          |       |     9 |    50 ||    59
       Distracted        |       |       |     1 ||     1
Armor: Skin              |     1 |     2 |    15 ||    18
Dodge: Dodged            |     1 |    46 |    86 ||   133
